 Dungeon Crawl Stone Soup version 0.21.0-25-ge575cb9 (webtiles) character file.

301 tidbits the Ducker (level 6, -1/53 HPs)
             Began as a Gnoll Monk on Jan 24, 2018.
             Slain by an ooze (4 damage)
             ... in the Ecumenical Temple.
             The game lasted 00:08:23 (1066 turns).

tidbits the Ducker (Gnoll Monk)                     Turns: 1066, Time: 00:08:23

Health: -1/53      AC:  2    Str: 13    XL:     6   Next: 37%
Magic:  8/8        EV: 17    Int: 15    God:
Gold:   249        SH:  0    Dex: 21    Spells: 8/8 levels left

rFire    . . .     SeeInvis .   a - +1 short sword
rCold    . . .     Gourm    .   D - +1 buckler
rNeg     . . .     Faith    .   B - +0 robe
rPois    .         Spirit   .   (no helmet)
rElec    .         Reflect  .   (no cloak)
rCorr    .         Harm     .   (no gloves)
MR       .....                  (no boots)
Stlth    +.........             (no amulet)
HPRegen  0.17/turn              X - +4 ring of dexterity
MPRegen  0.11/turn              (no ring)

@: confused, slowed, very slow
A: distributed training, fangs 1, strong nose
a: no special abilities


You were in the Ecumenical Temple.
You were not hungry.

You visited 2 branches of the dungeon, and saw 8 of its levels.

You collected 249 gold pieces.

Inventory:

Hand Weapons
 a - a +1 short sword (weapon)
 m - a +0 dagger
Missiles
 d - 17 stones
 f - 37 arrows
 i - 8 tomahawks (quivered)
 o - a throwing net {!f}
Armour
 l - a +0 ring mail
 B - a +0 robe (worn)
 D - a +1 buckler (worn)
Jewellery
 X - a +4 ring of dexterity (left hand)
   (You found it on level 2 of the Dungeon)
Wands
 b - a wand of acid (8)
 q - a wand of disintegration (7)
Scrolls
 g - a scroll of enchant weapon
 h - a scroll of amnesia
 j - 3 scrolls of teleportation
 p - a scroll of blinking
 r - 5 scrolls of remove curse
 s - a scroll of fog
Potions
 k - a potion of magic
 n - a potion of cancellation
Comestibles
 c - 4 rations


   Skills:
 + Level 6.8 Fighting
 + Level 6.8 Short Blades
 + Level 1.9 Long Blades
 + Level 1.9 Axes
 + Level 1.9 Maces & Flails
 + Level 1.9 Polearms
 + Level 1.9 Staves
 + Level 1.9 Slings
 + Level 1.9 Bows
 + Level 1.9 Crossbows
 + Level 1.9 Throwing
 + Level 1.9 Armour
 + Level 6.8 Dodging
 + Level 4.5 Stealth
 + Level 1.9 Shields
 + Level 1.9 Unarmed Combat
 + Level 1.9 Spellcasting
 + Level 1.5 Conjurations
 + Level 1.5 Hexes
 + Level 1.5 Charms
 + Level 1.5 Summonings
 + Level 1.5 Necromancy
 + Level 1.5 Translocations
 + Level 1.5 Transmutations
 + Level 1.5 Fire Magic
 + Level 1.5 Ice Magic
 + Level 1.5 Air Magic
 + Level 1.5 Earth Magic
 + Level 1.5 Poison Magic
 + Level 2.1 Invocations
 + Level 1.9 Evocations


You had 8 spell levels left.
You didn't know any spells.

Dungeon Overview and Level Annotations

Branches:
Dungeon (7/15)             Temple (1/1) D:7

Altars:
Gozag


Innate Abilities, Weirdness & Mutations

Your experience applies equally to all skills.
You have very sharp teeth.
Your uncanny sense of smell can sniff out nearby items.


Message History

The crimson imp picks up a beetle and eats it.
There is a stone staircase leading up here.
Unknown command.
The crimson imp blinks!
There is a stone staircase leading down here.
You climb downwards.
Found a stone staircase leading down.
There is a stone staircase leading up here.
Unknown command.
There is a stone staircase leading down here.
You climb downwards.
Found 11 sling bullets.
There is a stone staircase leading up here.
Unknown command.
As you read the scroll labeled RAUBAWN TUCOD, it crumbles to dust.
It is a scroll of enchant armour.
Your +0 buckler glows green for a moment.
Adjust (i)tems, (s)pells, or (a)bilities?
Adjust which item? (? for menu, Esc to quit)
b - a +0 robe (worn)
Adjust to which letter? (? for menu, Esc to quit)
B - a +0 robe (worn)
Found a long bronze wand.
Found a staircase to the Ecumenical Temple.
An orc warrior comes into view. It is wielding a mace.
An orc comes into view. It is wielding a club.
An orc and an orc wizard come into view.
You see here a wand of acid (9).
b - a wand of acid (9)
The orc shouts!
The orc warrior shouts!
The orc wizard shouts!
The orc shouts!
Found a stone staircase leading down.
Evoke which item? (* to show all) (? for menu, Esc to quit)
Aiming: Corrosive Bolt
Press: ? - help, Shift-Dir - straight line, f - orc
Aim: an orc, wielding a short sword The bolt of acid hits the orc warrior.
The orc warrior is splashed with acid.
The acid corrodes the orc warrior!
The orc warrior is severely wounded.
The orc wizard points at you and mumbles some strange words.
The magic dart hits you!
Evoke which item? (* to show all) (? for menu, Esc to quit)
Aiming: Disintegrate
Press: ? - help, Shift-Dir - straight line, f/p - orc
Aim: an orc, wielding a short sword (chance to defeat MR: 85%)
The orc warrior is blasted.
You blow up the orc warrior!
Your Invocations skill increases to level 2!
You have reached level 6!
Your experience leads to an increase in your attributes!
Your base attributes are Str 13, Int 14, Dex 17.
Increase (S)trength, (I)ntelligence, or (D)exterity?
You feel clever.
Unknown command.
The orc wizard gestures at you while chanting.
The magic dart hits you! You block the orc's attack.
Found a scroll of remove curse.
An ooze comes into view.
Things that are here:
a mace; a plate armour You barely miss the orc.
You closely miss the orc. Your bite misses the orc. The orc barely misses you.
Evoke which item? (* to show all) (? for menu, Esc to quit)
Aiming: Disintegrate
Press: ? - help, Shift-Dir - straight line, f - orc wizard, p - orc
Aim: an orc wizard, wielding a dagger and wearing a robe (chance to defeat MR: 73%)
The orc wizard is blasted.
The orc wizard hits you with a dagger.
You hit the orc wizard but do no damage.
The orc wizard is almost dead.
The orc wizard points at you and mumbles some strange words.
You feel yourself slow down. The orc barely misses you.
The orc hits you with a club.
You hit the orc wizard.
You kill the orc wizard!
You block the orc's attack. The orc hits you but does no damage.
The orc hits you with a short sword.
* * * LOW HITPOINT WARNING * * *
The ooze hits you.
* * * LOW HITPOINT WARNING * * *
The orc misses you.
There is a staircase to the Ecumenical Temple, spattered with blood here.
Things that are here:
a dagger; a robe; an orc corpse Unknown command.
You can't go up here!
Unknown command.
The orc hits you with a short sword.
* * * LOW HITPOINT WARNING * * *
The ooze misses you. The orc hits you with a club.
* * * LOW HITPOINT WARNING * * *
The orc closely misses you. The ooze hits you.
* * * LOW HITPOINT WARNING * * *
You climb downwards.
Welcome to the Ecumenical Temple!
There is a staircase back to the Dungeon here.
You are confused.
You feel invigorated. The orc hits you with a club!
* * * LOW HITPOINT WARNING * * *
The orc hits you with a short sword.
* * * LOW HITPOINT WARNING * * *
The ooze hits you.
You die...

.# #.
.# #.
.. ..
#. .#
#.# #.#
#..#..#
#...#
#J@o#
#.o.#
#..#..#
#.# #.#
.. ..
.## ##.
.# #.
#. .#


You could see an ooze and 2 orcs.

Vanquished Creatures
  An orc warrior (D:7)
  A hound (D:4)
  An orc priest (D:4)
  2 orc wizards
  A jelly (D:5)
  2 adders
  An adder skeleton (D:4)
  3 worms
  A dart slug (D:1)
  2 orcs (D:4)
  2 giant cockroaches
  5 goblins
  3 hobgoblins
  3 jackals (D:3)
  3 bats
  2 frilled lizards
  A jackal skeleton (D:5)
  A jackal zombie (D:5)
  4 kobolds
  7 rats
46 creatures vanquished.

Notes
Turn   | Place    | Note
-------+----------+-------------------------------------------
     0 | D:1      | tidbits the Gnoll Monk began the quest for the Orb.
     0 | D:1      | Reached XP level 1. HP: 23/23 MP: 1/1
   117 | D:1      | Reached XP level 2. HP: 29/29 MP: 2/2
   397 | D:3      | Reached XP level 3. HP: 35/35 MP: 3/3
   699 | D:3      | Reached skill level 1 in Invocations
   807 | D:4      | Reached skill level 1 in Long Blades
   807 | D:4      | Reached skill level 1 in Axes
   807 | D:4      | Reached skill level 1 in Maces & Flails
   807 | D:4      | Reached skill level 1 in Polearms
   807 | D:4      | Reached skill level 1 in Staves
   807 | D:4      | Reached skill level 1 in Slings
   807 | D:4      | Reached skill level 1 in Bows
   807 | D:4      | Reached skill level 1 in Crossbows
   807 | D:4      | Reached skill level 1 in Throwing
   807 | D:4      | Reached skill level 1 in Armour
   807 | D:4      | Reached skill level 1 in Shields
   807 | D:4      | Reached skill level 1 in Unarmed Combat
   807 | D:4      | Reached skill level 1 in Spellcasting
   807 | D:4      | Reached skill level 1 in Evocations
   851 | D:4      | Reached XP level 4. HP: 32/41 MP: 5/5
   860 | D:5      | Entered Level 5 of the Dungeon
   874 | D:5      | Reached skill level 1 in Conjurations
   874 | D:5      | Reached skill level 1 in Hexes
   874 | D:5      | Reached skill level 1 in Charms
   874 | D:5      | Reached skill level 1 in Summonings
   874 | D:5      | Reached skill level 1 in Necromancy
   874 | D:5      | Reached skill level 1 in Translocations
   874 | D:5      | Reached skill level 1 in Transmutations
   874 | D:5      | Reached skill level 1 in Fire Magic
   874 | D:5      | Reached skill level 1 in Ice Magic
   874 | D:5      | Reached skill level 1 in Air Magic
   874 | D:5      | Reached skill level 1 in Earth Magic
   874 | D:5      | Reached skill level 1 in Poison Magic
   877 | D:5      | Reached XP level 5. HP: 30/47 MP: 6/6
   888 | D:5      | Found an opulent altar of Gozag.
  1048 | D:7      | Found a staircase to the Ecumenical Temple.
  1049 | D:7      | Noticed an orc warrior
  1056 | D:7      | Killed an orc warrior
  1056 | D:7      | Reached skill level 2 in Invocations
  1056 | D:7      | Reached XP level 6. HP: 38/53 MP: 8/8
  1065 | Temple   | Entered the Ecumenical Temple
  1066 | Temple   | HP: 3/53 [orc/short sword (6)]
  1066 | Temple   | Slain by an ooze

Skill      XL: |  1  2  3  4  5 |
---------------+----------------+-----
Invocations    | 1 2 |  2.1
Long Blades    | 1 |  1.9
Axes           | 1 |  1.9
Maces & Flails | 1 |  1.9
Polearms       | 1 |  1.9
Staves         | 1 |  1.9
Slings         | 1 |  1.9
Bows           | 1 |  1.9
Crossbows      | 1 |  1.9
Throwing       | 1 |  1.9
Armour         | 1 |  1.9
Shields        | 1 |  1.9
Unarmed Combat | 1 |  1.9
Spellcasting   | 1 |  1.9
Evocations     | 1 |  1.9
Conjurations   | 1 |  1.5
Hexes          | 1 |  1.5
Charms         | 1 |  1.5
Summonings     | 1 |  1.5
Necromancy     | 1 |  1.5
Translocations | 1 |  1.5
Transmutations | 1 |  1.5
Fire Magic     | 1 |  1.5
Ice Magic      | 1 |  1.5
Air Magic      | 1 |  1.5
Earth Magic    | 1 |  1.5
Poison Magic   | 1 |  1.5
Fighting       | |  6.8
Short Blades   | |  6.8
Dodging        | |  6.8
Stealth        | |  4.5

Action                   |  1- 3 |  4- 6 || total
-------------------------+-------+-------++-------
Melee: Short sword       |   151 |    35 ||   186
       Bite              |    16 |     2 ||    18
       Dagger            |     1 |       ||     1
Evoke: Wand              |       |     7 ||     7
  Use: Scroll            |     8 |     2 ||    10
       Potion            |       |     1 ||     1
 Stab: Sleeping          |     6 |     1 ||     7
  Eat: Ration            |     1 |       ||     1
Armor: Robe              |     7 |     3 ||    10
Dodge: Dodged            |    78 |    18 ||    96
Block: Buckler           |    17 |     5 ||    22

Table legend:
 A = Turns spent in this place as a percentage of turns spent in the entire game.
 B = Non-inter-level travel turns spent in this place as a percentage of non-inter-level travel turns spent in the entire game.
 C = Inter-level travel turns spent in this place as a percentage of turns spent in this place.
 D = Turns resting spent in this place as a percentage of non-inter-level travel turns spent in this place.
 E = Turns spent auto-exploring this place as a percentage of non-inter-level travel turns spent in this place.
 F = Non-inter-level travel turns spent in this place divided by the number of levels of this place that you've seen.
                   A       B       C       D       E      F
               +-------+-------+-------+-------+-------+----------------------
         Total | 100.0 | 100.0 |   0.0 |   0.0 |   0.0 | 133.2
       Dungeon |  99.9 |  99.9 |   0.0 |   0.0 |   0.0 | 152.1
        Temple |   0.1 |   0.1 |   0.0 |   0.0 |   0.0 |   1.0
               +-------+-------+-------+-------+-------+----------------------

Table legend:
 A = Kills in this place as a percentage of kills in entire the game.
 B = Kills by you in this place as a percentage of kills by you in the entire game.
 C = Kills by friends in this place as a percentage of kills by friends in the entire game.
 D = Other kills in this place as a percentage of other kills in the entire game.
 E = Experience gained in this place as a percentage of experience gained in the entire game.
 F = Experience gained in this place divided by the number of levels of this place that you have seen.
                   A       B       C       D       E      F
               +-------+-------+-------+-------+-------+----------------------
         Total | 100.0 | 100.0 |   N/A |   N/A | 100.0 |  53.9
       Dungeon | 100.0 | 100.0 |   N/A |   N/A | 100.0 |  61.6
               +-------+-------+-------+-------+-------+----------------------

Vault maps used:
D:1:      dpeg_arrival_line_fractal
D:2:      first_ration
D:3:      uniq_robin
D:5:      nicolae_gozag_cash_rules_everything_around_me, uniq_edmund
D:7:      minmay_temple_entry_statues_pillars, basic_altar, uniq_pikel
Temple:   roderic_octagonal_lattice_temple
